 Dungeon Crawl Stone Soup version 0.25-a0-861-g340c9e8194 (webtiles) character file.

Game seed: 10964478493679598315, levelgen mode: classic

2 EnegeticOcto the Shield-Bearer (level 1, 20/20 HPs)
             Began as a Deep Dwarf Fighter on Apr 29, 2020.
             Quit the game on level 1 of the Dungeon.
             The game lasted 00:00:06 (34 turns).

EnegeticOcto the Shield-Bearer (Deep Dwarf Fighter)   Turns: 34, Time: 00:00:07

Health: 20/20      AC:  6    Str: 19    XL:     1   Next: 25%
Magic:  1/1        EV:  7    Int:  8    God:
Gold:   0          SH:  9    Dex: 12    Spells: 0/0 levels left

rFire    . . .     SeeInvis .   a - +0 war axe
rCold    . . .     Gourm    .   c - +0 kite shield
rNeg     . . .     Faith    .   b - +0 scale mail
rPois    .         Spirit   .   (no helmet)
rElec    .         Reflect  .   (no cloak)
rCorr    .         Harm     .   (no gloves)
MR       .....                  (no boots)
Stlth    ..........             (no amulet)
HPRegen  0.00/turn              (no ring)
MPRegen  0.07/turn              (no ring)

@: non-regenerating
A: damage resistance, heal wounds, sense surroundings 1, no regeneration
a: Heal Wounds


You were on level 1 of the Dungeon.
You were not hungry.

You visited 1 branch of the dungeon, and saw 1 of its levels.

Inventory:

Hand Weapons
 a - a +0 war axe (weapon)
Armour
 b - a +0 scale mail (worn)
 c - a +0 kite shield (worn)
Potions
 d - a potion of invisibility {unknown}
 k - a potion of might {@q3}
Comestibles
 e - 2 rations


   Skills:
 * Level 2.7 Fighting
 * Level 2.2 Axes
 + Level 3.3 Armour
 + Level 3.3 Shields


You couldn't memorise any spells.
You didn't know any spells.
Your spell library was empty.

Dungeon Overview and Level Annotations

Branches:
Dungeon (1/15)

Altars:


Innate Abilities, Weirdness & Mutations

You are resistant to damage.
You can heal yourself by infusing magical energy.
You passively map a small area around you.
You do not regenerate.


Message History

Welcome, EnegeticOcto the Deep Dwarf Fighter.
Will you prevail where others failed? Will you find the Orb of Zot?
Press ? for a list of commands and other information.
Found a ration.
Found a staircase leading out of the dungeon.
You don't know any spells.
e - 2 rations (gained 1)
There is a staircase leading out of the dungeon here.
You open the door.
There is an open door here.
Found a chain mail.
You open the door.
There is an open door here.
d - a lumpy emerald potion
There is an open door here.
You open the door.
There is an open door here.
A kobold comes into view.
The kobold shouts!
A kobold is nearby!
A kobold is nearby!
You hit the kobold.
The kobold is moderately wounded.
A frilled lizard comes into view.
The kobold closely misses you. The kobold hits you.
The frilled lizard moves out of view.
You closely miss the kobold.
The kobold is moderately wounded.
The kobold hits you but does no damage.
You closely miss the kobold.
The kobold is moderately wounded.
The kobold hits you but does no damage. x2
The frilled lizard hisses angrily.
You hit the kobold.
You kill the kobold!
A frilled lizard is nearby!
A frilled lizard is nearby!
A frilled lizard is nearby!
A frilled lizard is nearby!
You see here a kobold corpse.
The frilled lizard bites you but does no damage.
You hit the frilled lizard.
You kill the frilled lizard!
No target in view!
No target in view!
No target in view!
No target in view!
No target in view!
No target in view!
No target in view!
No target in view!
No target in view!
No target in view!
No target in view!
No target in view!
Are you sure you want to abandon this character and quit the game? (Confirm with "yes".)

, , * *, * *, **
##### , #.#######
#...# #...@†..#
#.8[#
#.#####.###...# *,
#..###+### ,
#..'.....##### *
,......##.....#...#
*
##.#####..⌠..'.8.#
, #,* #.....#...# *
, +.....##### * *
,###'###


There were no monsters in sight!

Vanquished Creatures
  A kobold (D:1)
  A frilled lizard (D:1)
2 creatures vanquished.

Notes
Turn   | Place    | Note
-------+----------+-------------------------------------------
     0 | D:1      | EnegeticOcto the Deep Dwarf Fighter began the quest for the
                  | Orb.
     0 | D:1      | Reached XP level 1. HP: 20/20 MP: 1/1
    34 | D:1      | Quit the game

Levels and vault maps discovered:
D:1:      minmay_arrival_stair_chambers, layout_loops_cross

Action                   || total
-------------------------++-------
Melee: War axe           ||     5
Armor: Scale mail        ||     4
Dodge: Dodged            ||     1

Table legend:
 A = Non-vault XP
 B = Vault XP
 C = Vault XP percentage of total XP
 D = Non-vault monster count
 E = Vault monster count
 F = Vault count percentage of total count
                 A         B        C        D         E       F
            +---------+---------+-------+---------+---------+-------
      Total |       3 |       0 |   0.0 |       2 |       0 |   0.0
            +---------+---------+-------+---------+---------+-------
        D:1 |       3 |       0 |   0.0 |       2 |       0 |   0.0
            +---------+---------+-------+---------+---------+-------
